 Dungeon Crawl Stone Soup version 0.25-a0-589-g1e14c549ee (webtiles) character file.

Game seed: 7206161596751583399, levelgen mode: deterministic

40 Kohma the Slasher (level 3, -5/28 HPs)
             Began as a Demonspawn Gladiator on Mar 11, 2020.
             Slain by a worm (9 damage)
             ... on level 1 of the Dungeon.
             The game lasted 00:01:51 (849 turns).

Kohma the Slasher (Demonspawn Gladiator)             Turns: 849, Time: 00:01:51

Health: -5/28      AC:  4    Str: 15    XL:     3   Next: 30%
Magic:  3/3        EV: 13    Int:  9    God:
Gold:   68         SH:  0    Dex: 14    Spells: 2/2 levels left

rFire    . . .     SeeInvis .   a - +0 long sword
rCold    . . .     Gourm    .   (no shield)
rNeg     . . .     Faith    .   b - +0 leather armour
rPois    .         Spirit   .   c - +0 helmet
rElec    .         Reflect  .   (no cloak)
rCorr    .         Harm     .   (no gloves)
MR       .....                  (no boots)
Stlth    +.........             (no amulet)
HPRegen  0.09/turn              (no ring)
MPRegen  0.08/turn              (no ring)

@: lethally poisoned (-5 -> -12)
A: rot immunity
a: no special abilities


You were on level 1 of the Dungeon.
You were not hungry.

You visited 1 branch of the dungeon, and saw 2 of its levels.

You collected 68 gold pieces.

Inventory:

Hand Weapons
 a - a +0 long sword (weapon)
Missiles
 d - 3 throwing nets (quivered)
Armour
 b - a +0 leather armour (worn)
 c - a +0 helmet (worn)
Scrolls
 h - 2 scrolls of amnesia {unknown}
 i - a scroll of teleportation {unknown}
 j - 4 scrolls of magic mapping {unknown}
 k - a scroll of identify {unknown}
 l - 2 scrolls of remove curse {unknown}
Potions
 e - a potion of invisibility {unknown}
 m - a potion of stabbing {unknown}
Comestibles
 f - 3 rations
 g - 3 chunks of flesh


   Skills:
 + Level 2.8 Fighting
 + Level 3.3 Long Blades
 - Level 1.7 Throwing
 - Level 3.0 Dodging


You had 2 spell levels left.
You didn't know any spells.
Your spell library was empty.

Dungeon Overview and Level Annotations

Branches:
Dungeon (2/15)

Altars:


Innate Abilities, Weirdness & Mutations

You are immune to rotting.


Message History

There is a stone staircase leading down here.
You climb downwards.
An adder comes into view.
The adder hisses angrily.
The adder bites you. The adder bites you but does no damage.
The worm bites you.
There is a stone staircase leading up, spattered with blood here.
The adder bites you. The adder barely misses you.
The adder bites you but does no damage. The adder bites you.
You are poisoned.
The adder poisons you!
You climb upwards.
You feel sick.
There is a stone staircase leading down here.
You feel sick. The adder bites you.
You are more poisoned.
The adder poisons you! The worm bites you!
* * * LOW HITPOINT WARNING * * *
* * * LOW HITPOINT WARNING * * *
You feel sick. The worm bites you!
You die...

##.####### #.# #.#
#.#########
##.##############.........#
.................########.#
......##.#######.# #####.##
##.#####.#######.##
#....>.###### #.#
#..........# #.###........
#.# #########..#
#÷###.####### #.#
#@.###.....# #.#
#wS#.÷.....##### #.#
##S>............# #.#
##.....###.#####.# ##.#
#.......##.#####.# ...#
######.+++++'^........#
####
#......+....+(#.#####.###
#.####.+....+.#.# ##...#.
#.# #.+..<.'.#.###......


You could see a worm and 2 adders.

Vanquished Creatures
  An adder (D:1)
  An ooze (D:1)
  2 leopard geckos (D:1)
  A giant cockroach (D:1)
  3 hobgoblins (D:1)
  6 jackals (D:1)
  2 bats (D:1)
  2 frilled lizards (D:1)
  3 goblins (D:1)
  A kobold (D:1)
  3 rats (D:1)
25 creatures vanquished.

Notes
Turn   | Place    | Note
-------+----------+-------------------------------------------
     0 | D:1      | Kohma the Demonspawn Gladiator began the quest for the Orb.
     0 | D:1      | Reached XP level 1. HP: 16/16 MP: 1/1
   111 | D:1      | Gained mutation: You are immune to rotting. [demonic
                  | ancestry]
   111 | D:1      | Reached XP level 2. HP: 21/22 MP: 2/2
   687 | D:1      | Reached XP level 3. HP: 26/28 MP: 3/3
   849 | D:1      | Slain by a worm

Levels and vault maps discovered:
D:1:      lightli_arrival_maybe_door_vault, layout_loops_ring
D:2:      layout_basic, gammafunk_temple_overflow_forgotten,
          minmay_misc_feat_plants, minmay_misc_feat_cross, uniq_terence,
          uniq_sigmund

Skill      XL: |  1  2 |
---------------+-------+-----
Long Blades    | 3 |  3.3
Dodging        | 3 |  3.0
Fighting       | |  2.8
Throwing       | |  1.7

Action                   || total
-------------------------++-------
Melee: Long sword        ||    53
Armor: Leather armour    ||    17
Dodge: Dodged            ||    61
       Rpst.: Long sword ||    19

Table legend:
 A = Non-vault XP
 B = Vault XP
 C = Vault XP percentage of total XP
 D = Non-vault monster count
 E = Vault monster count
 F = Vault count percentage of total count
                 A         B        C        D         E       F
            +---------+---------+-------+---------+---------+-------
      Total |      58 |       0 |   0.0 |      25 |       0 |   0.0
            +---------+---------+-------+---------+---------+-------
        D:1 |      58 |       0 |   0.0 |      25 |       0 |   0.0
            +---------+---------+-------+---------+---------+-------
